 Dungeon Crawl Stone Soup version 0.31-a0-263-ge8cad7f256 (webtiles) character file.

Game seed: 15820847713501598470

280 HallandMoats the Trooper (level 6, -17/51 HPs)
             Began as a Demonspawn Fighter on July 13, 2023.
             Demolished by Pikel
             ... wielding a +1 whip of electrocution
              (18 damage)
             ... on level 4 of the Dungeon.
             The game lasted 00:03:44 (2829 turns).

HallandMoats the Trooper (Demonspawn Fighter)       Turns: 2829, Time: 00:03:45

Health: -17/51     AC:  6    Str: 18    XL:     6   Next: 5%
Magic:  6/6        EV:  9    Int:  9    God:
Gold:   192        SH:  5    Dex: 13    Spells: 5/5 levels left

rFire   . . .        a - +0 war axe
rCold   . . .        c - +0 buckler
rNeg    . . .        b - +0 scale mail
rPois   .            (helmet restricted)
rElec   .            (no cloak)
rCorr   .            (no gloves)
SInv    .            (no boots)
Will    .....        (no amulet) Stlth
                     (no ring)
HPRegen 0.28/turn    (no ring)
MPRegen 0.10/turn

%: no passive effects
@: mighty, studying Polearms
A: horns 2, powered by death 1
a: no special abilities


You were on level 4 of the Dungeon.
You visited 1 branch of the dungeon, and saw 4 of its levels.

You collected 192 gold pieces.

Inventory:

Hand Weapons
 a - a +0 war axe (weapon)
Armour
 b - a +0 scale mail (worn)
 c - a +0 buckler (worn)
Talismans
 r - a blade talisman
Scrolls
 e - 3 scrolls of enchant weapon {unknown}
 j - 3 scrolls of blinking {unknown}
 k - a scroll of immolation {unknown}
 l - 3 scrolls of teleportation {unknown}
 m - 2 scrolls of brand weapon {unknown}
 n - 2 scrolls of revelation {unknown}
 o - a scroll of poison {unknown}
 p - 3 scrolls of enchant armour {unknown}
 q - a scroll of fog {unknown}
 t - 3 scrolls of identify {unknown}
Potions
 d - 3 potions of might
 f - 2 potions of brilliance {unknown}
 g - 4 potions of lignification {unknown}
 h - 2 potions of haste {unknown}
 i - 2 potions of ambrosia {unknown}
 s - a potion of degeneration {unknown}


   Skills:
 * Level 5.2 Fighting
 + Level 3.2 Axes
 - Level 2.6 Armour
 + Level 3.8 Shields


You had 5 spell levels left.
You didn't know any spells.
Your spell library contained the following spells:

 Spells                   Type           Power      Damage    Failure   Level
 Blink                    Tloc           0%         N/A       94%         2
 Call Canine Familiar     Summ           0%         N/A       99%         3
 Portal Projectile        Hex/Tloc       0%         N/A       99%         3
 Leda's Liquefaction      Hex/Erth       0%         N/A       100%        4
 Manifold Assault         Tloc           0%         N/A       100%        4


Dungeon Overview and Level Annotations

Branches:
Dungeon (4/15)
 Temple: D:4-7

Altars:
Ashenzari
Xom

Annotations:
D:4 Pikel


Innate Abilities, Weirdness & Mutations

You have a pair of horns on your head.
You regenerate a little health from kills.


Message History

The lemure barely misses you. You block the lemure's attack.
You closely miss the lemure. Your headbutt misses the lemure.
The lemure is heavily wounded.
You closely miss Pikel. You barely miss Pikel. Your headbutt misses Pikel.
Pikel hits you with a +1 whip of electrocution.
You are electrocuted!
Pikel closely misses you.
You hit Pikel.
Pikel is lightly wounded.
Pikel zaps a wand.
Your will is overpowered!
You are confused.
You barely miss Pikel.
Pikel is lightly wounded.
Pikel hits you with a +1 whip of electrocution.
Pikel says, "You'll rust in Dis!"
Pikel hits you with a +1 whip of electrocution.
You bump into the rock wall.
Pikel hits you with a +1 whip of electrocution.
You bump into the rock wall.
Pikel hits you with a +1 whip of electrocution!
You are electrocuted!
* * * LOW HITPOINT WARNING * * *
You hit Pikel.
Pikel is lightly wounded.
Pikel hits you but does no damage.
You feel very mighty all of a sudden.
Pikel zaps a wand.
You resist with some effort.
You bump into the rock wall.
You feel less confused.
Pikel hits you with a +1 whip of electrocution!
* * * LOW HITPOINT WARNING * * *
You hit Pikel. You headbutt Pikel!
Pikel is heavily wounded.
Pikel closely misses you.
You slash Pikel! Your headbutt misses Pikel.
Pikel is severely wounded.
Pikel hits you with a +1 whip of electrocution.
* * * LOW HITPOINT WARNING * * *
You are electrocuted!!
You die... #.#.# # ......# ####+#.##### ..... #......##... ..... +.........## 5g$ #...≈≈≈≈≈...# g55

#..≈≈≈≈≈≈##...
#5#
..≈≈≈#####.##.
#K##.≈≈≈≈#.##.##
≈
#@#..≈≈≈≈#...##
≈ #.#.≈≈≈≈≈#.###
#...######.#
##.........#
##.######.#
#.≈≈≈≈≈#.#####
#..≈≈≈≈#.....#
##.≈≈≈≈#.#..##
#..≈≈≈###.#.##.


You could see Pikel, 4 lemures and 2 goblins.

Vanquished Creatures
  Menkaure (D:4)
  A hound (D:4)
  A sleepcap (D:4)
  2 adders (D:2)
  A worm (D:3)
  4 dart slugs
  5 orcs (D:3)
  7 ball pythons
  6 endoplasms
  2 giant cockroaches (D:2)
  A goblin (D:2)
  2 hobgoblins (D:1)
  5 jackals
  4 quokkas
  6 bats
  3 frilled lizards
  7 kobolds
  9 rats
67 creatures vanquished.

Notes
Turn   | Place    | Note
-------+----------+-------------------------------------------
     0 | D:1      | HallandMoats the Demonspawn Fighter began the quest for the
                  | Orb.
     0 | D:1      | Reached XP level 1. HP: 18/18 MP: 1/1
   115 | D:1      | Gained mutation: You regenerate a little health from kills.
                  | [demonic ancestry]
   115 | D:1      | Reached XP level 2. HP: 23/24 MP: 2/2
   708 | D:2      | Reached XP level 3. HP: 26/30 MP: 3/3
  1253 | D:2      | Reached skill level 4 in Fighting
  1571 | D:3      | Gained mutation: You have a pair of small horns on your
                  | head. [demonic ancestry]
  1571 | D:3      | Reached XP level 4. HP: 33/37 MP: 4/4
  1797 | D:3      | Found a shimmering altar of Xom.
  2061 | D:3      | Found a broken altar of Ashenzari.
  2375 | D:4      | Gained mutation: You have a pair of horns on your head.
                  | [demonic ancestry]
  2375 | D:4      | Reached XP level 5. HP: 41/43 MP: 5/5
  2556 | D:4      | Noticed Menkaure
  2564 | D:4      | Killed Menkaure
  2565 | D:4      | Reached skill level 5 in Fighting
  2565 | D:4      | Reached XP level 6. HP: 8/51 MP: 6/6
  2812 | D:4      | Noticed Pikel
  2829 | D:4      | HP: 1/51 [Pikel/+1 whip of electrocution (3)]
  2829 | D:4      | Demolished by Pikel

Illustrated notes

Levels and vault maps discovered:
D:1:      minmay_arrival_four_circles, layout_loops_ring
D:2:      layout_basic, st_stairs_11, grunt_ministairs_7
D:3:      layout_basic, mainiacjoe_overflow_paths, mainiacjoe_overflow_brackets
D:4:      layout_basic, grunt_decor_junction, uniq_menkaure, uniq_pikel

Skill      XL: |  1  2  3  4  5 |
---------------+----------------+-----
Axes           | 2 3 |  3.2
Shields        | 3 |  3.8
Fighting       | 4 5 |  5.2
Armour         | |  2.6

Action                     |  1- 3 |  4- 6 || total
---------------------------+-------+-------++-------
  Melee: War axe           |   132 |    71 ||   203
         Unarmed           |       |    13 ||    13
         Headbutt          |       |    10 ||    10
    Use: Potion            |       |     2 ||     2
 Armour: Scale mail        |    95 |    53 ||   148
  Dodge: Dodged            |    62 |    39 ||   101
  Block: Buckler           |    31 |    19 ||    50
         Form:             |       |     1 ||     1
         Blade             |       |     1 ||     1

Table legend: (Time is in decaauts)
 A = Elapsed time spent in this place.
 B = Non-inter-level travel time spent in this place.
 C = Inter-level travel time spent in this place.
 D = Time resting spent in this place.
 E = Time spent auto-exploring this place.
 F = Levels seen in this place.
 G = Mean time per level.
                   A        B        C        D        E       F      G
               +--------+--------+--------+--------+--------+-----+--------+
         Total |   2913 |   2856 |     57 |    267 |   1887 |   4 |  728.2 |
       Dungeon |   2913 |   2856 |     57 |    267 |   1887 |   4 |  728.2 |
               +--------+--------+--------+--------+--------+-----+--------+

Top non-repeatable levels by time:
     D:2: 939 daAuts
     D:1: 682 daAuts
     D:3: 657 daAuts
     D:4: 634 daAuts
